 Seeded DCSS version 0.31-a0-66-ge618eeaa78 (webtiles) character file.

Game seed: 6351066067085065685 (custom seed)

7 Esekla the Sneak (level 2, 0/21 HPs)
             Began as an Octopode Delver on May 22, 2023.
             Splashed by a jelly's acid (5 damage)
             ... on level 5 of the Dungeon.
             The game lasted 00:04:35 (541 turns).

Esekla the Sneak (Octopode Delver)                   Turns: 541, Time: 00:04:36

Health: 0/21       AC: -7    Str: 11    XL:     2   Next: 0%
Magic:  2/2        EV: 13    Int: 12    God:
Gold:   26         SH:  0    Dex: 13    Spells: 1/1 levels left

rFire   . . .        a - +0 falchion
rCold   . . .        (no shield)
rNeg    . . .        (helmet restricted)
rPois   .            (no amulet)
rElec   .            (no ring)
rCorr   .            (no ring)
SInv    .            (no ring)
Will    .....        (no ring)
Stlth   ++++         (no ring)
HPRegen 0.23/turn    (no ring)
MPRegen 0.08/turn    (no ring)
                     (no ring)

%: no passive effects
@: corroded
A: almost no armour, amphibious, 8 rings, camouflage 1, gelatinous body 1,
(nimble swimmer 1), tentacles
a: no special abilities


You were on level 5 of the Dungeon.
You visited 1 branch of the dungeon, and saw 2 of its levels.

You collected 26 gold pieces.

Inventory:

Hand Weapons
 a - a +0 falchion (weapon)
Missiles
 h - 2 boomerangs (quivered)
Wands
 f - a wand of digging (3)
Scrolls
 b - a scroll of fog
 c - a scroll of magic mapping
 d - a scroll of fear
 i - a scroll of identify {unknown}
Potions
 e - a potion of haste
 g - a potion of attraction {unknown}


   Skills:
 * Level 3.0 Fighting
 * Level 2.0 Long Blades
 * Level 2.1 Dodging
 + Level 6.8 Stealth
 * Level 0.2 Spellcasting


You had one spell level left.
You didn't know any spells.
Your spell library was empty.

Dungeon Overview and Level Annotations

Branches:
Dungeon (6/15)
 Temple: D:4-7

Altars:
Dithmenos
Fedhas

Annotations:
D:6 Menkaure


Innate Abilities, Weirdness & Mutations

You cannot wear most types of armour.
You are amphibious.
You can wear up to eight rings at the same time.
Your skin changes colour to match your surroundings (Stealth+).
Your rubbery body absorbs attacks. (AC +1, EV +1)
((You are camouflaged when in or above water. (Stealth+)))
You have tentacles for arms and can constrict up to eight enemies at once.


Message History

You see here a +0 club.
Found a stone staircase leading down.
A hound comes into view.
You see here a +0 club.
There is a stone staircase leading up here.
A kobold comes into view. It is wielding a +0 club.
A kobold comes into view. It is wielding a +0 whip.
You enter the deep water.
An iguana comes into view.
Found a stone staircase leading down.
Found an escape hatch in the floor.
A kobold comes into view. It is wielding a +0 short sword.
A kobold comes into view. It is wielding a +0 short sword.
There is a stone staircase leading down here.
An ogre comes into view. It is wielding a +0 giant club.
The ogre shouts!
You enter the deep water.
There is a stone staircase leading up here.
You climb upwards.
There is a stone staircase leading down here.
There is an open door here.
The jelly quivers.
The jelly jiggles.
The jelly jiggles.
You see here a +0 leather armour.
You open the door.
There is an open door here.
You open the door. You hit the jelly.
Your tentacles burn!
The jelly is moderately wounded.
The jelly closely misses you.
You hit the jelly. The acid corrodes you!
Your tentacles burn!
You squeeze the jelly.
The jelly is heavily wounded.
The jelly misses you.
You completely miss the jelly.
The jelly is heavily wounded.
The jelly barely misses you. The jelly hits you.
You are splashed with acid!
* * * LOW HITPOINT WARNING * * *
You hit the jelly. The acid corrodes you!
Your tentacles burn!
You die...

....+
#.....#.............(..#
....#
#.....#.........#......#
....#
#.....#.........#......#
....#
##.....#....##...#......#
#####
#......###'##############
#......#....# #...>...
#......#....# #<......
#......#J...+ #.......
#......'@...# #.......
#......#....# #.......
#......#....# #.......
###......######
####....... #.....#+##
#..###......###'
...#.....#
#S...#......#...
.........+
+....#......+...
###+###..#
#....#......#...
#..######+##'#......###.


You could see a jelly.

Vanquished Creatures
  A white imp (D:6)
1 creature vanquished.

Notes
Turn   | Place    | Note
-------+----------+-------------------------------------------
     0 | D:5      | Esekla the Octopode Delver began the quest for the Orb.
     0 | D:5      | Reached XP level 1. HP: 16/16 MP: 1/1
    46 | D:5      | Found a shadowy altar of Dithmenos.
    95 | D:5      | Noticed a jelly
   207 | D:6      | Reached XP level 2. HP: 16/21 MP: 2/2
   231 | D:6      | Found a blossoming altar of Fedhas.
   308 | D:6      | Noticed Menkaure
   446 | D:6      | Noticed an ogre
   541 | D:5      | Splashed by a jelly's acid

Illustrated notes

Levels and vault maps discovered:
D:5:      layout_gridville, lemuel_doored_altar
D:6:      layout_loops_ring, mainiacjoe_overflow_tiny_flanked,
          minmay_temple_entry_junction_2, minmay_fractal_squares_gapless_5,
          uniq_duvessa, uniq_menkaure

Action                     || total
---------------------------++-------
  Melee: Falchion          ||     6
         Tentacles         ||     2
         Constrict         ||     1
   Stab: Sleeping          ||     1
  Dodge: Dodged            ||     3

Table legend: (Time is in decaauts)
 A = Elapsed time spent in this place.
 B = Non-inter-level travel time spent in this place.
 C = Inter-level travel time spent in this place.
 D = Time resting spent in this place.
 E = Time spent auto-exploring this place.
 F = Levels seen in this place.
 G = Mean time per level.
                   A        B        C        D        E       F      G
               +--------+--------+--------+--------+--------+-----+--------+
         Total |    542 |    542 |      0 |     20 |      0 |   2 |  271.0 |
       Dungeon |    542 |    542 |      0 |     20 |      0 |   2 |  271.0 |
               +--------+--------+--------+--------+--------+-----+--------+

Top non-repeatable levels by time:
     D:6: 284 daAuts
     D:5: 258 daAuts
